AoeStats
← gob b

Arena

504167353Analyzed
2v2 RM · 28d ago on Sep 4, 2026· 83m 29s· 4 players
Game mode
Random Map
Map size
Medium (4 player)
Population
200
Speed
Normal
Resources
Standard
Victory
Conquest
Starting age
Dark Age
Ending age
Imperial Age
RankedLock teamsTeams togetherTeam positionsShared explorationLock speedFull tech treeHidden civsTurbo modeCheats
Victory
Defeat
🇺🇸 Mongols · United States
1070
+23
🇺🇸 Slavs · United States
1032
+24
🇮🇳 Wei · India
1231
-24
1229
-23
Toast
8:51 Feudal Age
12:06 Loom
14:51 Castle Age
13:28 Stone Mining
14:33 Fletching
22:03 Bodkin Arrow
23:45 Double-Bit Axe
25:04 Bow Saw
33:53 Padded Archer Armor
35:29 Ballistics
35:11 Husbandry
35:21 Bloodlines
37:39 Gold Mining
39:34 Gold Shaft Mining
42:09 Imperial Age
40:19 Stone Shaft Mining
41:32 Scale Barding Armor
41:37 Forging
43:00 Bracer
42:37 Light Cavalry
44:06 Wheelbarrow
45:16 Leather Archer Armor
45:37 Iron Casting
44:52 Horse Collar
45:31 Town Watch
46:46 Chain Barding Armor
46:49 Heavy Plow
49:06 Hussar
50:49 Blast Furnace
51:29 Thumb Ring
52:10 Elite Steppe Lancer
52:20 Heavy Camel Rider
52:47 Crossbowman
58:44 Elite Skirmisher
59:50 Parthian Tactics
62:27 Herbal Medicine
66:53 Elite Mangudai
67:31 Heavy Scorpion
69:24 Drill
69:47 Hand Cart
70:00 Siege Engineers
71:25 Conscription
73:12 Capped Ram
74:23 Siege Ram
e.olaguez678
10:17 Feudal Age
11:52 Man-at-Arms
18:04 Forging
17:57 Scale Mail Armor
22:59 Castle Age
20:53 Double-Bit Axe
25:31 Horse Collar
26:06 Bow Saw
25:51 Fletching
26:02 Padded Archer Armor
28:16 Bodkin Arrow
28:36 Leather Archer Armor
29:02 Long Swordsman
29:14 Elite Skirmisher
30:25 Ballistics
30:01 Murder Holes
31:40 Gold Mining
32:33 Wheelbarrow
34:11 Heavy Plow
34:40 Hand Cart
36:36 Detinets
47:50 Imperial Age
48:32 Pikeman
50:08 Halberdier
51:36 Chain Mail Armor
51:57 Iron Casting
56:46 Ring Archer Armor
56:53 Plate Mail Armor
57:30 Chemistry
57:54 Two-Man Saw
68:40 Squires
73:46 Capped Ram
74:42 Siege Ram
gob b
11:47 Feudal Age
16:13 Castle Age
15:03 Forging
15:47 Double-Bit Axe
15:47 Horse Collar
15:59 Gold Mining
22:19 Husbandry
23:51 Bow Saw
24:07 Fletching
24:52 Bodkin Arrow
26:21 Wheelbarrow
36:18 Imperial Age
35:17 Bloodlines
36:37 Heavy Hei Guang Cavalry
46:36 Thumb Ring
46:57 Parthian Tactics
46:33 Bracer
46:34 Padded Archer Armor
47:09 Iron Casting
46:40 Scale Barding Armor
49:15 Ming Guang Armor
49:10 Conscription
52:19 Chain Barding Armor
52:14 Leather Archer Armor
54:08 Ballistics
54:49 Chemistry
58:13 Blast Furnace
57:28 Heavy Plow
64:10 Crop Rotation
63:27 Loom
63:57 Hand Cart
77:04 Murder Holes
80:49 Light Cavalry
HuNTeR <3<3<3 Chipdi
0:27 Loom
11:53 Feudal Age
17:00 Castle Age
15:23 Double-Bit Axe
15:53 Horse Collar
29:24 Imperial Age
27:49 Bow Saw
27:43 Fletching
28:39 Wheelbarrow
28:46 Gold Mining
29:01 Heavy Plow
30:10 Ballistics
30:03 Elite Skirmisher
31:30 Bodkin Arrow
31:35 Padded Archer Armor
32:27 Crop Rotation
33:20 Bracer
33:35 Leather Archer Armor
34:16 Hand Cart
35:53 Chemistry
34:34 Treadmill Crane
35:01 Thumb Ring
35:08 Scale Barding Armor
35:14 Forging
35:48 Crossbowman
36:25 Stone Mining
37:10 Gold Shaft Mining
36:57 Leather Archer Armor
39:48 Ring Archer Armor
40:49 Conscription
39:58 Crossbowman
41:03 Chain Barding Armor
41:19 Iron Casting
41:31 Stone Shaft Mining
42:24 Heavy Camel Rider
43:56 Scale Mail Armor
44:36 Husbandry
43:58 Light Cavalry
45:56 Chain Mail Armor
50:33 Two-Man Saw
51:31 Plate Barding Armor
51:27 Plate Mail Armor
50:31 Pikeman
50:56 Arson
51:12 Squires
51:08 Arbalester
52:55 Halberdier
54:00 Murder Holes
64:26 Caravan
70:45 Hussar
72:38 Onager
Connection lost

Rejoining the realm…

Still unreachable

The connection could not be restored.

Session expired

The server has moved on; the page needs a fresh start.